 Dungeon Crawl Stone Soup version 0.31-a0-876-gfe8ebadbca (webtiles) character file.

Game seed: 13299500636562879326

224939 Vorhees the Eclecticist (level 19, -2/137 HPs)
             Began as a Djinni Delver on Oct 13, 2023.
             Was an Initiate of Gozag.
             Slain by a +4 flail of draining (20 damage)
             ... animated by Zenata
             ... on level 1 of the Vaults.
             The game lasted 01:57:47 (61235 turns).

Vorhees the Eclecticist (Djinni Delver)            Turns: 61235, Time: 01:57:53

Health: -2/137     AC: 21    Str: 11    XL:     19   Next: 55%
Gold:   6400       EV: 29    Int: 19    God:    Gozag SH: 11 Dex: 18

rFire   + + +        p - staff of air
rCold   + . .        a - +4 buckler "Kelar" {rF+++ Will+ Int+2}
rNeg    + + .        L - +3 scale mail {rN+}
rPois   ∞            M - +2 helmet "Disuleygg" {Drain rC+ rN+}
rElec   +            h - +2 cloak {rCorr}
rCorr   +            z - +2 pair of gloves
SInv    +            (boots unavailable)
Will    ++...        x - amulet of the acrobat
Stlth   +            Q - ring of see invisible
HPRegen 0.42/turn    q - ring of protection from cold
MPRegen 0.00/turn

%: acrobat, infuse magic (-3 HP)
@: about to teleport, forested, gold aura, acrobatic, flying, very slightly
contaminated, studying Shields
A: sickness immunity, fire resistance 2, cold vulnerability 1, float, innate
caster, HP casting, extra vitality 1
}: 2/15 runes: decaying, serpentine
a: Renounce Religion, Potion Petition, Call Merchant, Bribe Branch


You were on level 1 of the Vaults.
You worshipped Gozag.
Gozag was greatly pleased with you.
You visited 8 branches of the dungeon, and saw 33 of its levels.

You collected 11720 gold pieces.
You spent 1846 gold pieces at shops.
You paid 3474 gold pieces to Gozag.

Inventory:

Hand Weapons
 F - the +9 long sword of the Crafting Firefly {chaos, rN+ Dex+4}
   (You took it off an orc on level 8 of the Dungeon)

   Dex+4:     It affects your dexterity (+4).
   rN+:       It protects you from negative energy.
Armour
 a - the +4 buckler "Kelar" (worn) {rF+++ Will+ Int+2}
   (You bought it in a shop on level 2 of the Orcish Mines)

   Int+2:     It affects your intelligence (+2).
   rF+++:     It renders you almost immune to fire.
   Will+:     It increases your willpower.
 b - a +0 leather armour
 c - a +0 cloak of willpower
 h - a +2 cloak of preservation (worn)
 s - the +1 helmet of Immorality {rF+ rC+ Int+6 Dex-5}
   (You bought it in a shop on level 2 of the Orcish Mines)

   Int+6:     It affects your intelligence (+6).
   Dex-5:     It affects your dexterity (-5).
   rF+:       It protects you from fire.
   rC+:       It protects you from cold.
 z - a +2 pair of gloves (worn)
 L - a +3 scale mail of positive energy (worn)
 M - the +2 helmet "Disuleygg" (worn) {Drain rC+ rN+}
   (You found it on level 5 of the Lair of Beasts)

   rC+:       It protects you from cold.
   rN+:       It protects you from negative energy.
   Drain:     It drains your maximum health when unequipped.
Magical Staves
 p - a staff of air (weapon)
Jewellery
 i - a ring of resist corrosion
 q - a ring of protection from cold (right hand)
 x - an amulet of the acrobat (around neck)
 H - a ring of willpower
 Q - a ring of see invisible (left hand)
 R - the ring "Guuh Omu" {rPois rN+ Str+2}
   (You found it on level 3 of the Swamp)

   [ring of positive energy]

   Str+2:     It affects your strength (+2).
   rPois:     It protects you from poison rN+: It protects you from negative
   energy.
Wands
 f - a wand of iceblast (10)
 g - a wand of digging (15)
 m - a wand of polymorph (16)
 w - a wand of mindburst (14)
 y - a wand of charming (12)
 B - a wand of flame (21)
 J - a wand of acid (21)
Scrolls
 d - 9 scrolls of revelation
 j - 3 scrolls of vulnerability
 u - 5 scrolls of identify
 v - a scroll of teleportation
 D - a scroll of brand weapon
 G - 2 scrolls of noise
 K - 4 scrolls of immolation
 O - a scroll of torment
Potions
 e - 2 potions of enlightenment
 k - 5 potions of mutation
 l - 5 potions of lignification
 n - 5 potions of curing
 o - 2 potions of berserk rage
 r - a potion of cancellation
 t - 5 potions of resistance
 C - 2 potions of haste
 E - 10 potions of ambrosia
 I - 6 potions of brilliance
 P - 3 potions of might


   Skills:
 * Level 12.9 Fighting
 - Level 1.7 Long Blades
 - Level 9.0 Armour
 - Level 12.2 Dodging
 - Level 4.1 Stealth
 - Level 11.0 Shields
 * Level 19.4 Spellcasting
 * Level 19.4 Conjurations
 * Level 19.4 Hexes
 * Level 19.4 Summonings
 * Level 19.4 Necromancy
 * Level 19.4 Translocations
 * Level 19.4 Transmutations
 * Level 19.4 Fire Magic
 * Level 19.4 Ice Magic
 * Level 19.4 Air Magic
 * Level 19.4 Earth Magic
 * Level 19.4 Poison Magic
 - Level 3.2 Evocations


You knew the following spells:

 Your Spells              Type           Power      Damage    Failure   Level
a - Summon Small Mammal   Summ           100%       N/A       0%          1
b - Blink                 Tloc           100%       N/A       0%          2
c - Stone Arrow           Conj/Erth      100%       3d13      0%          3
d - Ozocubu's Armour      Ice            75%        N/A       0%          3
e - Summon Forest         Summ/Tloc      37%        N/A       1%          5
f - Borgnjor's Vile Clut  Necr/Erth      37%        N/A       1%          5
g - Plasma Beam           Fire/Air       47%        2x1d62    1%          6
h - Spellforged Servitor  Conj/Summ      37%        N/A       4%          7
i - Summon Cactus Giant   Summ           37%        N/A       1%          6
Your spell library was empty.

Dungeon Overview and Level Annotations

Branches:
Dungeon (15/15)            Temple (1/1) D:5            Lair (5/5) D:9
  Swamp (4/4) Lair:2        Snake (4/4) Lair:2        Slime (0/5) Lair:5
    Orc (2/2) D:10            Elf (1/3) Orc:2        Vaults (1/5) D:13
 Depths (0/4) D:15

Altars:
Ashenzari
Cheibriados
Dithmenos
Elyvilon
Fedhas
Gozag
Hepliaklqana
Makhleb
Nemelex Xobeh
Okawaru
Qazlal
Ru
Trog
Uskayaw
Wu Jian
Xom
Yredelemnul
Zin
The Shining One

Shops:
D:14 [   Orc:2 [(**[[[   Snake:4 :

Annotations:
D:3 1 runed translucent door, Crazy Yiuf
D:5 3 runed translucent doors, Gruesome's ghost, novice OpSh; noobster's ghost, amateur HOFi
D:8 3 runed translucent doors, AncientFaroe's ghost, novice TrSh; Dirtsage's ghost, novice OpSh; boombarfnjin2354fg's ghost, novice OpCj
Swamp:2 3 runed translucent doors, Leckux's ghost, journeyman DjIE
Snake:2 2 transporters, Suinaor's ghost, adept GnWr
Orc:1 3 runed translucent doors, Arhieg's ghost, journeyman DsBe
Elf:1 Azrael
Vaults:1 Zenata


Innate Abilities, Weirdness & Mutations

You are immune to sickness and miasma.
You are immune to poison.
Your flesh is very heat resistant. (rF++)
You are vulnerable to cold. (rC-)
You float through the air rather than walking.
You learn spells naturally, not from books.
Your magical power is your life essence.
You have superior vitality. (+4 MHP)


Message History

Unknown command.
Your surroundings suddenly seem different.
The +4 flail of draining hits you but does no damage.
The +4 flail of draining completely misses you.
Zenata completely misses you.
The ironbound convoker shouts!
You hit Zenata but do no damage.
Zenata is electrocuted!!
Zenata is lightly wounded.
You block the +4 flail of draining's attack. x2
The +4 flail of draining misses you. Zenata closely misses you.
The vault guard hits you with a +3 broad axe!!
* * * LOW HITPOINT WARNING * * *
As you read the scroll of teleportation, it crumbles to dust.
You feel strangely unstable.
The +4 flail of draining hits you but does no damage.
The +4 flail of draining misses you. Zenata barely misses you.
The +4 flail of draining hits you but does no damage.
Unknown command.
You feel much better. The +4 flail of draining hits you.
You block the +4 flail of draining's attack.
The vault sentinel blows a loud note on a signal horn!
The ironbound convoker points at the +4 flail of draining and mumbles some strange words.
The +4 flail of draining seems to grow stronger.
Zenata gestures, and weapons take to the air!
The vault guard hits you with a +3 broad axe.
You hear a shout! x4
Unknown command.
The +4 short sword of flaming is struck by your cactus giant's spines.
The +4 short sword of flaming is destroyed!
The +4 short sword of flaming disappears in a puff of smoke!
The +4 flail of draining attacks as it pursues you!
The +4 flail of draining hits you!
The +2 heavy halberd attacks as it pursues you!
The +2 heavy halberd hits you from afar!!
* * * LOW HITPOINT WARNING * * *
The +1 war axe of electrocution attacks as it pursues you!
The +1 war axe of electrocution misses you.
The +4 flail of draining hits you!!
You die...
Your body crumbles into a pile of gold.

######♣#♣♣♣♣#####♣♣#####
......♣§§§♣.(ppp@.......
.....§§§§§§§C.a((.......
.....§§§§§§§§p(....=.###
..####♣♣♣♣#♣##♣♣♣#...#
..# ...# ..# ...# ..#
..# ..# ..# ..#


You could see Zenata (strong, ally target), a vault guard (strong), a vault
sentinel (catching breath), 2 ironbound convokers, 4 dancing weapons and a
friendly cactus giant (summoned).

Vanquished Creatures
  Nikola (Swamp:2)
  Rupert (Lair:3)
  Jorgrun (D:14)
  2 nagarajas (Snake:4)
  A ghost moth (shapeshifter) (D:15)
  A very ugly thing (D:15)
  Nessos (D:14)
  2 eleionomae (Swamp:2)
  4 bunyips
  Josephine (D:14)
  A shambling mangrove (Swamp:3)
  A great orb of eyes (D:15)
  An entropy weaver (Vaults:1)
  2 rakshasas (D:15)
  A vault guard (D:13)
  2 salamander tyrants
  An ironbound frostheart (Vaults:1)
  2 boulder beetles
  8 hydras
  An ogre mage (D:13)
  An alligator (Swamp:2)
  A ghost crab (Swamp:2)
  A peacekeeper (Vaults:1)
  5 two-headed ogres
  6 centaur warriors
  9 anacondas
  A dancing weapon (Elf:1)
  2 death yaks (D:9)
  Urug (Lair:3)
  19 naga warriors
  3 shock serpents
  8 naga sharpshooters
  A death drake (Swamp:4)
  2 salamander mystics (Snake:4)
  4 goliath frogs
  2 swamp dragons (Swamp:4)
  5 sea snakes
  A spriggan druid (Swamp:2)
  An ironbound convoker (Vaults:1)
  2 bog bodies
  An orc knight (Orc:2)
  4 naga ritualists
  2 wolf spiders (Lair:5)
  6 ugly things
  2 mana vipers (Snake:1)
  13 salamanders
  2 will-o-the-wisps (Swamp:1)
  2 deep elf pyromancers
  An orc sorcerer (D:13)
  2 elephants (Lair:5)
  A manticore (D:12)
  A vault sentinel (Vaults:1)
  20 black mambas
  17 naga magi
  3 guardian serpents
  3 torpor snails
  4 cane toads
  3 gargoyles
  A rime drake (Lair:2)
  A kobold demonologist (D:13)
  4 yaktaurs
  A komodo dragon (Lair:2)
  A freezing wraith (D:14)
  An ice devil (Orc:2)
  2 polar bears (Lair:5)
  3 trolls
  6 tyrant leeches
  2 bloated husks
  A meliai (shapeshifter) (D:13)
  2 meliai (D:14)
  10 hornets
  2 dream sheep (D:9)
  A queen bee (D:14)
  7 blink frogs
  9 slime creatures
  An air elemental (Elf:1)
  15 spriggans
  A centaur simulacrum (D:15)
  A vampire (D:13)
  15 yaks
  A wraith (D:14)
  6 wyverns
  Eustachio (D:8)
  5 basilisks
  A human (D:13)
  A steam dragon (D:9)
  16 vampire mosquitoes
  38 nagas
  8 swamp worms
  6 water moccasins
  21 orc warriors
  2 black bears (Lair:5)
  2 ice beasts
  2 sky beasts
  6 swamp drakes
  20 centaurs
  6 ogres
  18 wolves
  3 boggarts (Lair:5)
  2 kobold brigands
  3 bullfrogs
  2 gnoll sergeants
  5 scorpions
  3 wights (D:8)
  7 killer bees
  3 howler monkeys
  2 hounds
  3 sleepcaps
  15 orc priests
  2 gnoll boudas
  A jelly (D:5)
  Jessica (D:2)
  Ijyb (D:5)
  8 iguanas
  2 hell rats (Lair:2)
  14 orc wizards
  13 gnolls
  9 adders
  A shadow imp (D:6)
  2 white imps
  An ufetubus (D:5)
  3 worms
  5 dart slugs
  54 orcs
  8 ball pythons
  7 endoplasms
  5 giant cockroaches
  5 hobgoblins
  6 jackals
  4 quokkas
  4 bats
  2 frilled lizards
  7 goblins
  11 kobolds
  6 rats
674 creatures vanquished.

Vanquished Creatures (collateral kills)
  Bai Suzhen (Swamp:2)
  A thorn hunter (Swamp:4)
  Louise (Swamp:4)
  3 ghouls (Swamp:2)
  An ironbound preserver (Vaults:1)
  A war gargoyle (Vaults:1)
  3 eleionomae
  A yaktaur captain (Vaults:1)
  A shambling mangrove (Swamp:4)
  4 vault guards (D:13)
  A ghost crab (Swamp:3)
  An ogre mage (Orc:2)
  8 hydras
  2 salamander tyrants (Snake:4)
  3 boulder beetles
  2 alligators
  An anaconda (Snake:3)
  A catoblepas (D:15)
  A two-headed ogre (Orc:2)
  2 naga warriors (Snake:2)
  2 spriggan berserkers (Swamp:4)
  2 death yaks
  A shock serpent (Snake:2)
  2 tengu warriors (D:14)
  2 naga sharpshooters
  A fire crab (Lair:5)
  A salamander mystic (Snake:3)
  3 goliath frogs
  2 spriggan druids
  6 deep trolls (Vaults:1)
  6 swamp dragons
  A sea snake (Snake:3)
  An ironbound convoker (Vaults:1)
  5 bog bodies
  A deep elf zephyrmancer (Elf:1)
  A naga ritualist (Snake:4)
  2 orc knights (Orc:2)
  A manticore (D:11)
  A cyclops (Orc:2)
  3 will-o-the-wisps
  4 salamanders (Snake:3)
  3 black mambas
  7 naga magi (Snake:4)
  2 elephants (Lair:5)
  6 cane toads
  A kobold demonologist (D:13)
  2 rime drakes (Lair:2)
  An unseen horror (D:10)
  3 komodo dragons
  A freezing wraith (D:14)
  An ice devil (Orc:2)
  A polar bear (Lair:5)
  7 tyrant leeches
  A meliai (D:14)
  3 trolls
  2 bloated husks
  8 hornets
  7 blink frogs
  2 dream sheep (Lair:5)
  11 slime creatures
  A culicivora (shapeshifter) (D:15)
  8 spriggans
  3 wraiths
  A shadow (D:12)
  2 wyverns
  2 basilisks
  13 yaks
  17 vampire mosquitoes
  11 swamp worms
  2 nagas
  A hell hound (Elf:1)
  2 water moccasins
  8 orc warriors
  9 swamp drakes
  A black bear (Lair:5)
  2 ogres
  A boggart (Lair:5)
  21 wolves
  6 centaurs
  A kobold brigand (D:13)
  4 bullfrogs
  A necrophage (Swamp:2)
  14 killer bees (D:14)
  A nameless horror (Vaults:1)
  A howler monkey (D:10)
  6 orc priests
  An iguana (D:5)
  8 orc wizards
  4 hell rats
  An adder (D:5)
  A river rat (D:9)
  26 orcs
  A ball python (D:4)
  An endoplasm (D:4)
  A goblin (D:4)
  A frilled lizard (D:3)
  2 rats
  A butterfly (Lair:1)
343 creatures vanquished.

Vanquished Creatures (others)
  A goliath frog (Swamp:2)
  A bloated husk (Swamp:2)
  A swamp worm (Swamp:1)
  11 snaplasher vines
14 creatures vanquished.

Grand Total: 1031 creatures vanquished

Notes
Turn   | Place    | Note
-------+----------+-------------------------------------------
     0 | D:5      | Vorhees the Djinni Delver began the quest for the Orb.
     0 | D:5      | Reached XP level 1. HP: 20/20 MP: 0/0
    70 | D:5      | Found a runed translucent gate.
    70 | D:5      | Found a runed translucent gate.
    71 | D:5      | Found a runed translucent gate.
    71 | D:5      | Noticed noobster's ghost (amateur HOFi)
    71 | D:5      | Noticed Gruesome's ghost (novice OpSh)
   129 | D:5      | Noticed a hound
   259 | D:5      | Noticed a jelly
   390 | D:3      | Reached skill level 1 in Spellcasting
   390 | D:3      | Reached skill level 1 in Conjurations
   390 | D:3      | Reached skill level 1 in Hexes
   390 | D:3      | Reached skill level 1 in Summonings
   390 | D:3      | Reached skill level 1 in Necromancy
   390 | D:3      | Reached skill level 1 in Translocations
   390 | D:3      | Reached skill level 1 in Transmutations
   390 | D:3      | Reached skill level 1 in Fire Magic
   390 | D:3      | Reached skill level 1 in Ice Magic
   390 | D:3      | Reached skill level 1 in Air Magic
   390 | D:3      | Reached skill level 1 in Earth Magic
   390 | D:3      | Reached skill level 1 in Poison Magic
   390 | D:3      | Reached XP level 2. HP: 10/25 MP: 0/0
   676 | D:3      | Found a white marble altar of Elyvilon.
   676 | D:3      | Found a burning altar of Makhleb.
   849 | D:2      | Reached XP level 3. HP: 20/30 MP: 0/0
   849 | D:2      | Learned a level 1 spell: Summon Small Mammal
  1220 | D:1      | Reached XP level 4. HP: 28/37 MP: 0/0
  1356 | D:1      | Found a faded altar of an unknown god.
  1995 | D:2      | Noticed Jessica
  2001 | D:2      | Killed Jessica
  2002 | D:2      | Reached XP level 5. HP: 42/42 MP: 0/0
  2002 | D:2      | Learned a level 2 spell: Blink
  3107 | D:3      | Found a runed translucent door.
  3108 | D:3      | Noticed Crazy Yiuf
  3157 | D:3      | Reached skill level 5 in Fighting
  3157 | D:3      | Reached XP level 6. HP: 48/49 MP: 0/0
  3280 | D:4      | Found a basalt altar of Yredelemnul.
  5248 | D:4      | Reached XP level 7. HP: 34/54 MP: 0/0
  5248 | D:4      | Learned a level 3 spell: Stone Arrow
  5925 | D:4      | Found a hazy altar of Hepliaklqana.
  6052 | D:5      | Noticed Ijyb
  7149 | D:5      | Found Achikada's Armour Shop.
  7159 | D:5      | Found a glowing silver altar of Zin.
  7275 | D:5      | Killed Ijyb
  7581 | D:5      | Reached XP level 8. HP: 49/61 MP: 0/0
  7722 | D:5      | Reached skill level 5 in Spellcasting
  7722 | D:5      | Reached skill level 5 in Conjurations
  7722 | D:5      | Reached skill level 5 in Hexes
  7722 | D:5      | Reached skill level 5 in Summonings
  7722 | D:5      | Reached skill level 5 in Necromancy
  7722 | D:5      | Reached skill level 5 in Translocations
  7722 | D:5      | Reached skill level 5 in Transmutations
  7722 | D:5      | Reached skill level 5 in Fire Magic
  7722 | D:5      | Reached skill level 5 in Ice Magic
  7722 | D:5      | Reached skill level 5 in Air Magic
  7722 | D:5      | Reached skill level 5 in Earth Magic
  7722 | D:5      | Reached skill level 5 in Poison Magic
  7750 | D:5      | Found a staircase to the Ecumenical Temple.
  7762 | Temple   | Entered the Ecumenical Temple
  8096 | D:5      | Found an iron altar of Okawaru.
  8175 | D:5      | Found a stormy altar of Qazlal.
  9279 | D:6      | Reached XP level 9. HP: 61/67 MP: 0/0
  9279 | D:6      | Learned a level 3 spell: Ozocubu's Armour
 10290 | D:7      | Found a hide-covered altar of Uskayaw.
 10290 | D:7      | Noticed a +0 hand axe
 10290 | D:7      | Noticed a +0 hand axe
 10815 | D:7      | Found a shimmering altar of Xom.
 10943 | D:7      | Found a bloodstained altar of Trog.
 11159 | D:8      | Found an opulent altar of Gozag.
 11637 | D:8      | Became a worshipper of Gozag Ym Sagoz the Greedy
 11790 | D:8      | Noticed Eustachio
 11952 | D:8      | Killed Eustachio
 11956 | D:8      | Identified the +9 long sword of the Crafting Firefly
                  | {chaos, rN+ Dex+4}
 12430 | D:8      | Reached XP level 10. HP: 60/75 MP: 0/0
 12465 | D:8      | Reached skill level 1 in Evocations
 12573 | D:8      | Noticed a two-headed ogre
 12853 | D:8      | Killed a two-headed ogre
 12921 | D:8      | Found a runed translucent gate.
 12922 | D:8      | Found a runed translucent gate.
 12924 | D:8      | Found a runed translucent gate.
 12924 | D:8      | Noticed Dirtsage's ghost (novice OpSh)
 12924 | D:8      | Noticed boombarfnjin2354fg's ghost (novice OpCj)
 12925 | D:8      | Noticed AncientFaroe's ghost (novice TrSh)
 13278 | D:9      | Found a blossoming altar of Fedhas.
 13526 | D:9      | Reached skill level 10 in Spellcasting
 13526 | D:9      | Reached skill level 10 in Conjurations
 13526 | D:9      | Reached skill level 10 in Hexes
 13526 | D:9      | Reached skill level 10 in Summonings
 13526 | D:9      | Reached skill level 10 in Necromancy
 13526 | D:9      | Reached skill level 10 in Translocations
 13526 | D:9      | Reached skill level 10 in Transmutations
 13526 | D:9      | Reached skill level 10 in Fire Magic
 13526 | D:9      | Reached skill level 10 in Ice Magic
 13526 | D:9      | Reached skill level 10 in Air Magic
 13526 | D:9      | Reached skill level 10 in Earth Magic
 13526 | D:9      | Reached skill level 10 in Poison Magic
 13822 | D:9      | Noticed a death yak
 13921 | D:9      | Reached XP level 11. HP: 68/79 MP: 0/0
 13921 | D:9      | Learned a level 5 spell: Summon Forest
 14363 | D:9      | Noticed a death yak
 14367 | D:9      | Noticed a death yak
 14376 | D:9      | Killed a death yak
 14412 | D:9      | Killed a death yak
 14477 | D:9      | Found a staircase to the Lair.
 14637 | D:10     | Entered Level 10 of the Dungeon
 14637 | D:10     | Noticed a two-headed ogre
 14640 | D:10     | Killed a two-headed ogre
 15047 | D:10     | Found a staircase to the Orcish Mines.
 15860 | D:11     | Noticed a boulder beetle
 15875 | D:11     | Killed a boulder beetle
 15929 | D:11     | Noticed a manticore
 15940 | D:11     | Killed a manticore
 15941 | D:11     | Reached XP level 12. HP: 30/86 MP: 0/0
 16688 | D:11     | Noticed a boulder beetle
 17166 | Lair:1   | Entered Level 1 of the Lair of Beasts
 18166 | Lair:2   | Noticed a four-headed hydra
 18171 | Lair:2   | Killed a four-headed hydra
 18452 | Lair:2   | Found a staircase to the Swamp.
 19244 | Lair:2   | Reached XP level 13. HP: 85/92 MP: 0/0
 19244 | Lair:2   | Learned a level 5 spell: Borgnjor's Vile Clutch
 19935 | Lair:2   | Found a staircase to the Snake Pit.
 20322 | Lair:3   | Noticed Urug
 20338 | Lair:3   | Killed Urug
 20940 | Lair:3   | Noticed Rupert
 20962 | Lair:3   | Killed Rupert
 20963 | Lair:3   | Reached skill level 15 in Spellcasting
 20963 | Lair:3   | Reached skill level 15 in Conjurations
 20963 | Lair:3   | Reached skill level 15 in Hexes
 20963 | Lair:3   | Reached skill level 15 in Summonings
 20963 | Lair:3   | Reached skill level 15 in Necromancy
 20963 | Lair:3   | Reached skill level 15 in Translocations
 20963 | Lair:3   | Reached skill level 15 in Transmutations
 20963 | Lair:3   | Reached skill level 15 in Fire Magic
 20963 | Lair:3   | Reached skill level 15 in Ice Magic
 20963 | Lair:3   | Reached skill level 15 in Air Magic
 20963 | Lair:3   | Reached skill level 15 in Earth Magic
 20963 | Lair:3   | Reached skill level 15 in Poison Magic
 23052 | Lair:5   | Entered Level 5 of the Lair of Beasts
 23809 | Lair:5   | Reached XP level 14. HP: 87/99 MP: 0/0
 23993 | Lair:5   | Reached skill level 1 in Shields
 24518 | Lair:5   | Found a staircase to the Slime Pits.
 25407 | Lair:5   | Identified the +2 helmet "Disuleygg" {Drain rC+ rN+}
 25731 | Lair:5   | Reached skill level 5 in Dodging
 26271 | Orc:1    | Entered Level 1 of the Orcish Mines
 27518 | Orc:1    | Found a runed translucent gate.
 27519 | Orc:1    | Found a runed translucent gate.
 27520 | Orc:1    | Found a runed translucent gate.
 27521 | Orc:1    | Found an opulent altar of Gozag.
 27525 | Orc:1    | Noticed Arhieg's ghost (journeyman DsBe)
 28027 | Orc:2    | Entered Level 2 of the Orcish Mines
 28195 | Orc:2    | Found a staircase to the Elven Halls.
 29251 | Orc:2    | Reached skill level 5 in Shields
 30823 | Orc:2    | Found Doschac's Weapon Boutique.
 30823 | Orc:2    | Found Uranuata's Assorted Antiques.
 30823 | Orc:2    | Found Pihoqimi's Assorted Antiques.
 30826 | Orc:2    | Found Haehuyst's Antique Armour Shop.
 30833 | Orc:2    | Bought a scroll labelled CUGOPO AWID for 20 gold pieces
 30842 | Orc:2    | Bought a spiked buckler for 380 gold pieces
 30842 | Orc:2    | Identified the +4 buckler "Kelar" {rF+++ Will+ Int+2} (You
                  | bought it in a shop on level 2 of the Orcish Mines)
 30858 | Orc:2    | Bought a bloodstained robe for 171 gold pieces
 30858 | Orc:2    | Identified the +0 robe of Vehumet's Fury {rF- rN+ Str+4
                  | Dex+2} (You bought it in a shop on level 2 of the Orcish
                  | Mines)
 31299 | Orc:2    | Bought a glowing cloak for 277 gold pieces
 31299 | Orc:2    | Bought a jewelled helmet for 351 gold pieces
 31299 | Orc:2    | Identified the +1 helmet of Immorality {rF+ rC+ Int+6
                  | Dex-5} (You bought it in a shop on level 2 of the Orcish
                  | Mines)
 32251 | D:12     | Reached XP level 15. HP: 88/103 MP: 0/0
 32251 | D:12     | Learned a level 6 spell: Plasma Beam
 33671 | Snake:1  | Entered Level 1 of the Snake Pit
 37617 | Snake:2  | Noticed Suinaor's ghost (adept GnWr)
 37630 | Snake:2  | Reached XP level 16. HP: 93/110 MP: 0/0
 38130 | Snake:2  | Found a transporter.
 38154 | Snake:2  | Found a transporter.
 38275 | Snake:2  | Reached skill level 10 in Dodging
 38884 | Snake:3  | Identified the +1 dagger of Tension {freeze, Str+4 Int+2
                  | Dex-2}
 38907 | Snake:3  | Identified the +7 short sword of the Modern Nightmares
                  | {flame, +Blink rElec rC+ Int-5 Dex+3}
 40374 | Snake:4  | Entered Level 4 of the Snake Pit
 41040 | Snake:4  | Found Bolimu's Tiny Tomes.
 41561 | Snake:4  | Noticed a nagaraja
 41567 | Snake:4  | Killed a nagaraja
 41582 | Snake:4  | Reached skill level 10 in Shields
 41746 | Snake:4  | Noticed a nagaraja
 42180 | Snake:4  | Killed a nagaraja
 43174 | Snake:4  | Reached XP level 17. HP: 98/114 MP: 0/0
 43174 | Snake:4  | Learned a level 7 spell: Spellforged Servitor
 44510 | Snake:4  | Got a serpentine rune of Zot
 45014 | Swamp:1  | Entered Level 1 of the Swamp
 45521 | Orc:2    | Bought a polished scale mail for 279 gold pieces
 45521 | Orc:2    | Identified the +0 scale mail of the Stone Wall {rF++ Dex+6}
                  | (You bought it in a shop on level 2 of the Orcish Mines)
 45983 | Swamp:1  | Reached skill level 1 in Armour
 46450 | Swamp:2  | Found a runed translucent gate.
 46450 | Swamp:2  | Found a runed translucent gate.
 46450 | Swamp:2  | Found a runed translucent gate.
 47325 | Swamp:2  | Noticed Leckux's ghost (journeyman DjIE)
 47683 | Swamp:2  | Noticed Nikola
 48213 | Swamp:2  | Killed Nikola
 48994 | Swamp:3  | Noticed Bai Suzhen
 49333 | Swamp:3  | Reached skill level 10 in Fighting
 49823 | Orc:2    | Bought a scroll of blinking for 240 gold pieces
 49823 | Orc:2    | Bought a scroll of fog for 128 gold pieces
 50492 | D:13     | Found an iron altar of Okawaru.
 50940 | D:13     | Reached XP level 18. HP: 82/124 MP: 0/0
 51419 | D:13     | Reached skill level 5 in Armour
 51577 | D:13     | Found a gate to the Vaults.
 52177 | D:14     | Noticed Nessos
 52182 | D:14     | Killed Nessos
 52185 | D:14     | Noticed Josephine
 52187 | D:14     | Killed Josephine
 52591 | D:14     | Noticed Jorgrun
 52637 | D:14     | Found Egyhas's Armour Shoppe.
 52817 | D:14     | Killed Jorgrun
 53789 | D:15     | Entered Level 15 of the Dungeon
 54103 | D:15     | Identified the +2 robe of Rotini {+Blink Will+}
 55004 | D:15     | Found a staircase to the Depths.
 55247 | Elf:1    | Entered Level 1 of the Elven Halls
 55250 | Elf:1    | Paralysed by an air elemental for 1 turns
 55252 | Elf:1    | Paralysed by an air elemental for 1 turns
 55268 | Elf:1    | Noticed Azrael
 57122 | Swamp:2  | Killed Bai Suzhen
 58267 | Swamp:3  | Identified the ring "Guuh Omu" {rPois rN+ Str+2}
 58271 | Swamp:3  | Identified the +2 robe "Ollaext" {rC- rCorr Dex+3 Slay+2}
 58510 | Swamp:4  | Entered Level 4 of the Swamp
 58778 | Swamp:4  | Reached XP level 19. HP: 115/135 MP: 0/0
 58778 | Swamp:4  | Learned a level 6 spell: Summon Cactus Giant
 58906 | Swamp:4  | Noticed Louise
 58910 | Swamp:4  | Killed Louise
 59243 | Swamp:4  | Got a decaying rune of Zot
 60351 | Vaults:1 | Entered Level 1 of the Vaults
 61222 | Vaults:1 | Noticed Zenata
 61235 | Vaults:1 | Slain by a +4 flail of draining

Illustrated notes

Levels and vault maps discovered:
D:1:      arrival_aquarium_b, layout_loops_ring, ebering_ecumenical_altar_box,
          minmay_misc_feat_alley, minmay_circled_x
D:2:      layout_rooms, uniq_jessica
D:3:      layout_basic, kiku_gazebo_pond_becter,
          mainiacjoe_overflow_divided_tiny, kennysheep_orc_chapel,
          uniq_crazy_yiuf_cottage
D:4:      layout_basic, nicolae_hepliaklqana_hazy_memory, kennysheep_mini_moat,
          grunt_ministairs_5
D:5:      layout_loops_corners, marbit_many_paths, okawaru_gym_becter,
          kennysheep_little_box, minmay_temple_entry_trees, serial_shops,
          nicolae_shop_trees, gammafunk_ghost_cemetery, minmay_pentangle,
          uniq_ijyb
D:6:      layout_loops_corners
D:7:      layout_loops_ring, bloody_trog,
          mainiacjoe_overflow_concentric_impassable, dancing_weapons_uskayaw,
          hangedman_abyss_or_decor_lesser_grid
D:8:      minmay_cornered_nines, layout_basic, nicolae_gozag_seed_capital,
          gammafunk_ghost_cemetery, minmay_misc_feat_columns,
          corexii_corridor_pit, sword_in_stone
D:9:      layout_basic, nicolae_overflow_crystal_walls, dpeg_lair_monsters,
          dreamdust_gnoll_shepherd
D:10:     layout_gridville
D:11:     layout_loops_ring, palyth_stone_intersect
D:12:     layout_gridville
D:13:     layout_big_octagon, grunt_vaults_entry_fortified, serial_park,
          serial_park_square1 [serial_park_minivault_5x5_2], serial_park_tiny_2,
          serial_park_avenue1, dk_noncrumbling_3, david_defended_altar_orc
D:14:     layout_rooms, gauntlet_entry_generic, special_room [special_room_bee],
          serial_shops, nicolae_diamond_shop, nicolae_letterblocks
          [nicolae_letter_subblock, nicolae_letter_subblock,
          nicolae_letter_subblock, nicolae_letter_subblock,
          nicolae_letter_subblock, nicolae_letter_subblock,
          nicolae_letter_subblock, nicolae_letter_subblock,
          nicolae_letter_subblock, nicolae_letter_subblock,
          nicolae_letter_subblock, nicolae_letter_subblock,
          nicolae_letter_subblock, nicolae_letter_subblock,
          nicolae_letter_subblock, nicolae_letter_subblock,
          nicolae_letter_subblock, nicolae_letter_subblock,
          nicolae_letter_subblock, nicolae_letter_subblock,
          nicolae_letter_subblock, nicolae_letter_subblock,
          nicolae_letter_subblock, nicolae_letter_subblock,
          nicolae_letter_subblock], uniq_nessos, uniq_jorgrun, uniq_josephine
D:15:     gammafunk_enter_depths_forms, layout_loops_ring, serial_park_paths
          [serial_park_minivault_5x5_6]
Temple:   nicolae_temple_ecumenical_triangle
Lair:1:   layout_loops_ring, lemuel_fruit_fields
Lair:2:   layout_chaotic_city, minmay_swamp_entry_swarm,
          alex1729_snake_entry_snake, serial_forest,
          infiniplex_forest_lined_room_2, infiniplex_forest_straight_2,
          infiniplex_forest_straight_3, infiniplex_forest_side_room,
          infiniplex_forest_zigzag_2, infiniplex_forest_lined_corner
Lair:3:   layout_regular_city, serial_rivers, chequers_serial_rivers_large_b,
          chequers_serial_rivers_small_3, chequers_serial_rivers_small_a,
          chequers_serial_rivers_micro_a, chequers_serial_rivers_micro_c,
          cheibrodos_lair_caveside_slide, nicolae_lair_grove_arrangements,
          infiniplex_staircase_pool_2, uniq_rupert, uniq_urug
Lair:4:   layout_cellular_growth, st_stairs_9
Lair:5:   minmay_lair_end_enchanted_forest, layout_loops_ring, slime_entry_1,
          nicolae_lair_run_with_the_wolves
Swamp:1:  layout_basic_swamp, serial_swamp_ruin, evilmike_swamp_ruin_rubble_2,
          evilmike_swamp_ruin_rubble_1, evilmike_swamp_ruin_house_5, swamp_pool1
Swamp:2:  layout_falls_marsh, gammafunk_ghost_necromancy,
          hangedman_swamp_ruin_wall, swamp_pool5, infiniplex_staircase_pool,
          uniq_nikola
Swamp:3:  layout_basic_swamp, evilmike_swamp_ruin_house_2, swamp_pool2,
          worms_lemuel, uniq_bai_suzhen
Swamp:4:  swamp_basic_johnstein, layout_basic_swamp, uniq_louise
Snake:1:  layout_grid_maze
Snake:2:  layout_honeycomb, gammafunk_ghost_berserking_beasts,
          guppyfry_library_mini, serial_bayou_shore_b, serial_bayou_shore_a
Snake:3:  layout_layer_cave, serial_bayou_lagoon_a
Snake:4:  snake_pit, layout_gridlike, nrook_loot_triangle,
          nicolae_shop_i_like_small_books_too
Orc:1:    layout_diamond_mine, ebering_ghost_gozag
Orc:2:    st_orc_rangers, layout_diamond_mine, portal_ice_cave_demonic_guard
Elf:1:    minmay_elf_crystal_hexagon, layout_loops_cross,
          minmay_elf_annihilation, uniq_azrael
Vaults:1: nicolae_vaults_little_squares_6, grunt_vaults_swirl,
          nicolae_vaults_little_squares_4, vaults_room_pool, v_pattern_1,
          v_alt_pattern_2, grunt_vaults_hallway_short, nicolae_vaults_cochlea,
          nicolae_vaults_apartment_2, ontoclasm_vaults_pinch,
          nicolae_vaults_storage_closets_2, nicolae_vaults_murder_corner,
          layout_vaults_big_room, serial_shops, shop, uniq_zenata

Skill      XL: |  1  2  3  4  5  6  7  8  9 10 11 12 13 14 15 16 17 18 19 |
---------------+----------------------------------------------------------+-----
Spellcasting   | 1 2 3 4 6 8 10 12 14 15 16 17 18 19 | 19.4
Conjurations   | 1 2 3 4 6 8 10 12 14 15 16 17 18 19 | 19.4
Hexes          | 1 2 3 4 6 8 10 12 14 15 16 17 18 19 | 19.4
Summonings     | 1 2 3 4 6 8 10 12 14 15 16 17 18 19 | 19.4
Necromancy     | 1 2 3 4 6 8 10 12 14 15 16 17 18 19 | 19.4
Translocations | 1 2 3 4 6 8 10 12 14 15 16 17 18 19 | 19.4
Transmutations | 1 2 3 4 6 8 10 12 14 15 16 17 18 19 | 19.4
Fire Magic     | 1 2 3 4 6 8 10 12 14 15 16 17 18 19 | 19.4
Ice Magic      | 1 2 3 4 6 8 10 12 14 15 16 17 18 19 | 19.4
Air Magic      | 1 2 3 4 6 8 10 12 14 15 16 17 18 19 | 19.4
Earth Magic    | 1 2 3 4 6 8 10 12 14 15 16 17 18 19 | 19.4
Poison Magic   | 1 2 3 4 6 8 10 12 14 15 16 17 18 19 | 19.4
Fighting       | 4 5 6 7 8 10 12 | 12.9
Evocations     | 3 |  3.2
Shields        | 5 8 10 11 | 11.0
Dodging        | 6 9 11 12 | 12.2
Armour         | 4 7 9 |  9.0
Long Blades    | |  1.7
Stealth        | |  4.1

Action                     |  1- 3 |  4- 6 |  7- 9 | 10-12 | 13-15 | 16-18 | 19-21 || total
---------------------------+-------+-------+-------+-------+-------+-------+-------++-------
  Melee: Falchion          |    86 |   211 |    85 |       |       |       |       ||   382
         Punch             |       |     3 |     3 |       |       |       |       ||     6
         Scimitar          |       |       |    77 |       |       |       |       ||    77
         Long sword        |       |       |       |       |     2 |     1 |       ||     3
         Staff             |       |       |       |       |       |     1 |     1 ||     2
   Cast: Summon Small Mamm |       |    56 |    71 |     4 |       |       |       ||   131
         Stone Arrow       |       |       |   113 |   175 |    91 |       |       ||   379
         Ozocubu's Armour  |       |       |    10 |     4 |     5 |       |       ||    19
         Summon Forest     |       |       |       |    27 |    73 |    10 |     3 ||   113
         Borgnjor's Vile C |       |       |       |       |   341 |   245 |    49 ||   635
         Plasma Beam       |       |       |       |       |    77 |   257 |    20 ||   354
         Spellforged Servi |       |       |       |       |       |    75 |    24 ||    99
         Summon Cactus Gia |       |       |       |       |       |       |     2 ||     2
 Invoke: Call Merchant     |       |       |       |       |     3 |       |       ||     3
         Potion Petition   |       |       |       |       |       |     3 |       ||     3
  Evoke: Wand              |       |       |     3 |     6 |       |     2 |       ||    11
    Use: Scroll            |       |     7 |     9 |    10 |     9 |    15 |     3 ||    53
         Potion            |       |       |     2 |     4 |     5 |     9 |     1 ||    21
   Stab: Sleeping          |     1 |     4 |     2 |       |       |       |       ||     7
         Distracted        |       |     3 |     3 |       |       |       |       ||     6
 Armour: Leather armour    |    54 |   132 |   131 |    63 |    71 |    38 |       ||   489
         Scale mail        |       |       |       |       |       |    98 |    15 ||   113
  Dodge: Dodged            |    65 |   171 |   151 |    57 |   105 |   115 |    15 ||   679
  Block: Buckler           |       |       |       |       |    29 |    98 |    10 ||   137

Table legend: (Time is in decaauts)
 A = Elapsed time spent in this place.
 B = Non-inter-level travel time spent in this place.
 C = Inter-level travel time spent in this place.
 D = Time resting spent in this place.
 E = Time spent auto-exploring this place.
 F = Levels seen in this place.
 G = Mean time per level.
                   A        B        C        D        E       F      G
               +--------+--------+--------+--------+--------+-----+--------+
         Total |  61405 |  57408 |   3997 |  19709 |  27762 |  33 | 1860.8 |
       Dungeon |  25222 |  23607 |   1615 |   7367 |  12259 |  15 | 1681.5 |
        Temple |     17 |     17 |      0 |      0 |      0 |   1 |   17.0 |
          Lair |   9782 |   8956 |    826 |    892 |   6830 |   5 | 1956.4 |
         Swamp |   8725 |   8174 |    551 |   4395 |   2344 |   4 | 2181.2 |
     Snake Pit |  11310 |  10949 |    361 |   4257 |   4744 |   4 | 2827.5 |
  Orcish Mines |   5435 |   4864 |    571 |   2347 |   1464 |   2 | 2717.5 |
   Elven Halls |     28 |     28 |      0 |      3 |      0 |   1 |   28.0 |
        Vaults |    884 |    814 |     70 |    448 |    121 |   1 |  884.0 |
               +--------+--------+--------+--------+--------+-----+--------+

Top non-repeatable levels by time:
 Swamp:2: 4366 daAuts
   Orc:2: 3905 daAuts
 Snake:3: 3115 daAuts
 Snake:1: 3059 daAuts
     D:3: 2991 daAuts
 Snake:4: 2931 daAuts
  Lair:5: 2787 daAuts
    D:12: 2627 daAuts
  Lair:2: 2608 daAuts
     D:5: 2597 daAuts
 Snake:2: 2204 daAuts
     D:4: 2019 daAuts
    D:10: 1973 daAuts
    D:13: 1850 daAuts
     D:9: 1809 daAuts
